 Seeded DCSS version 0.30-a0-305-g026cb31310 (webtiles) character file.

Game seed: 20220831 (custom seed)

129 muata the Stinger (level 5, -3/35 HPs)
             Began as a Merfolk Venom Mage on Oct 21, 2022.
             Slain by a gnoll
             ... wielding a +0 whip
              (6 damage)
             ... on level 3 of the Dungeon.
             The game lasted 00:19:55 (2645 turns).

muata the Stinger (Merfolk Venom Mage)              Turns: 2645, Time: 00:19:56

Health: -3/35      AC:  5    Str: 12    XL:     5   Next: 12%
Magic:  9/18       EV: 13    Int: 21    God:
Gold:   123        SH:  5    Dex: 22    Spells: 7/10 levels left

rFire   . . .      SeeInvis .    c - +7 whip "Feph" {elec, rPois Int+4 Dex+8}
rCold   . . .      Faith    .    (no shield)
rNeg    . . .      Spirit   .    x - +1 robe "Zyfraw" {Str+4}
rPois   +          Reflect  +    e - +0 helmet
rElec   .          Harm     .    r - +0 cloak
rCorr   .          Rampage  .    (no gloves)
Will    .....                    (no boots)
Stlth   ++........               k - amulet of reflection
HPRegen 0.25/turn                y - ring of magical power
MPRegen 0.16/turn                (no ring)

@: no status effects
A: (nimble swimmer 2), mertail
a: no special abilities


You were on level 3 of the Dungeon.
You visited 1 branch of the dungeon, and saw 4 of its levels.

You collected 123 gold pieces.

Inventory:

Hand Weapons
 c - the +7 whip "Feph" (weapon) {elec, rPois Int+4 Dex+8}
   (You found it on level 4 of the Dungeon)

   It occasionally discharges a powerful burst of electricity upon striking a
   foe.
   Int:       It affects your intelligence (+4).
   Dex:       It affects your dexterity (+8).
   rPois:     It protects you from poison.
 z - a +5 club
Missiles
 m - 2 throwing nets
Armour
 e - a +0 helmet (worn)
 j - a +0 ring mail
 r - a +0 cloak (worn)
 x - the +1 robe "Zyfraw" (worn) {Str+4}
   (You found it on level 2 of the Dungeon)

   Str:       It affects your strength (+4).
Jewellery
 k - an amulet of reflection (around neck)
 l - a ring of see invisible
 u - a ring of positive energy
 y - a ring of magical power (left hand)
Scrolls
 a - a scroll of identify {unknown}
 f - a scroll of silence {unknown}
 h - a scroll of fear {unknown}
 i - a scroll of amnesia {unknown}
 o - 2 scrolls of poison {unknown}
 p - a scroll of fog {unknown}
 q - a scroll of noise {unknown}
 s - a scroll of brand weapon {unknown}
 t - a scroll of immolation {unknown}
 v - a scroll of enchant weapon {unknown}
 A - a scroll of torment {unknown}
Potions
 b - a potion of magic
 d - a potion of ambrosia {unknown}
 g - 4 potions of curing {unknown}
 n - a potion of attraction {unknown}
 w - 2 potions of brilliance {unknown}


   Skills:
 - Level 2.7 Dodging
 - Level 2.2 Stealth
 - Level 3.0 Spellcasting
 - Level 1.5 Transmutations
 + Level 2.5 Air Magic
 - Level 4.0 Poison Magic


You had 7 spell levels left.
You knew the following spells:

 Your Spells              Type           Power      Damage    Failure   Level
a - Sting                 Tmut/Pois      56%        1d5       4%          1
b - Poisonous Vapours     Pois/Air       32%        N/A       5%          2

Your spell library contained the following spells:

 Spells                   Type           Power      Damage    Failure   Level
 Mephitic Cloud           Conj/Pois/Air  12%        N/A       16%         3
 Olgreb's Toxic Radiance  Pois           19%        N/A       26%         4
 Gell's Gravitas          Tloc           3%         N/A       36%         3
 Lesser Beckoning         Tloc           6%         N/A       36%         3
 Teleport Other           Tloc           3%         N/A       36%         3


Dungeon Overview and Level Annotations

Branches:
Dungeon (4/15)
 Temple: D:4-7

Altars:

Shops:
D:2 (

Annotations:
D:2 Sigmund


Innate Abilities, Weirdness & Mutations

((You are very nimble when in or above water. (Stealth+, EV+, Speed+++)))
Your lower body shifts to a powerful aquatic tail in water.


Message History

Aiming: Sting (safe; 4% risk of failure)
Press: ? - help, Shift-Dir - straight line, f/p - gnoll
Aim: a gnoll, wielding a +0 halberd (moderately wounded, very poisoned, 75% to hit)
The sting hits the goblin.
The goblin is poisoned.
You kill the goblin!
The gnoll looks more healthy.
Your magical contamination has completely faded away.
The gnoll barely misses you.
You hit the gnoll but do no damage.
The gnoll is heavily wounded.
The gnoll hits you with a +0 halberd!
* * * LOW HITPOINT WARNING * * *
You barely miss the gnoll.
The gnoll is heavily wounded.
The gnoll barely misses you. The gnoll hits you but does no damage.
You whack the gnoll!
You kill the gnoll!
The gnoll barely misses you.
You have reached level 5!
You feel clever.
You hit the gnoll.
You kill the gnoll!
You block the gnoll's attack.
Casting: Sting (safe; 4% risk of failure)
Confirm with . or Enter, or press ? or * to list all spells.
Aiming: Sting (safe; 4% risk of failure)
Press: ? - help, Shift-Dir - straight line, f - gnoll
Aim: a gnoll, wielding a +0 whip (75% to hit)
The sting hits the gnoll but does no damage.
The gnoll is poisoned.
The gnoll hits you with a +0 whip.
* * * LOW HITPOINT WARNING * * *
Casting: Sting (safe; 4% risk of failure)
Confirm with . or Enter, or press ? or * to list all spells.
Aiming: Sting (safe; 4% risk of failure)
Press: ? - help, Shift-Dir - straight line, f/p - gnoll
Aim: a gnoll, wielding a +0 whip (lightly wounded, poisoned, 75% to hit)
The sting hits the gnoll.
The gnoll looks even sicker.
The gnoll is moderately wounded.
The gnoll hits you with a +0 whip.
You die...

##........#.##
.............
.#..........#
............#
#..........#
#....##....#
#.####...g##.#####
#.#......@J)......
##.#.......##......
#..#...#'### .....
#.>..#.# ....
#..###.# ##. #
#......#
#.####....###
.##.......#.#
#..........#.#


You could see a gnoll (very poisoned) and an endoplasm.

Vanquished Creatures
  Robin (D:3)
  3 gnolls (D:3)
  2 worms (D:2)
  2 dart slugs (D:1)
  8 bats
  4 endoplasms
  2 giant cockroaches
  17 goblins
  4 hobgoblins
  12 jackals
  4 kobolds
  3 quokkas
  5 ball pythons
  A frilled lizard (D:2)
  3 rats
71 creatures vanquished.

Notes
Turn   | Place    | Note
-------+----------+-------------------------------------------
     0 | D:1      | muata the Merfolk Venom Mage began the quest for the Orb.
     0 | D:1      | Reached XP level 1. HP: 13/13 MP: 3/3
   265 | D:1      | Reached XP level 2. HP: 19/19 MP: 5/5
   513 | D:1      | Learned a level 2 spell: Poisonous Vapours
   747 | D:1      | Reached XP level 3. HP: 24/24 MP: 4/6
  1006 | D:1      | Reached skill level 4 in Poison Magic
  1496 | D:2      | You fall into a shaft and drop 2 floors!
  1527 | D:4      | Identified the +7 whip "Feph" {elec, rPois Int+4 Dex+8}
  1627 | D:2      | Identified the +1 robe "Zyfraw" {Str+4}
  1920 | D:2      | Reached skill level 1 in Air Magic
  1920 | D:2      | Reached XP level 4. HP: 30/30 MP: 5/8
  2173 | D:2      | Found Qoneik's Antique Weapon Emporium.
  2175 | D:2      | Noticed Sigmund
  2326 | D:3      | Identified the +3 flail of Valour {flame, *Corrode Str+4
                  | Int+3}
  2331 | D:3      | Noticed Robin
  2392 | D:3      | Killed Robin
  2533 | D:3      | Identified the +10 short sword "Zofikaoc" {holy, Contam
                  | Str+7}
  2643 | D:3      | Reached XP level 5. HP: 6/35 MP: 9/9
  2645 | D:3      | Slain by a gnoll

Illustrated notes

Levels and vault maps discovered:
D:1:      ncdulo_smallfort, layout_basic, kennysheep_nondescript
D:2:      minmay_alternating_diamond, layout_basic, serial_shops,
          nicolae_shop_advertising_works [nicolae_subvault_shop_adworks],
          uniq_sigmund
D:3:      layout_basic, uniq_robin
D:4:      minmay_door_path, layout_rooms, uniq_duvessa

Skill      XL: |  1  2  3  4 |
---------------+-------------+-----
Poison Magic   | 4 |  4.0
Spellcasting   | 3 |  3.0
Air Magic      | 1 2 |  2.5
Dodging        | |  2.7
Stealth        | |  2.2
Transmutations | |  1.5

Action                   |  1- 3 |  4- 6 || total
-------------------------+-------+-------++-------
Melee: Club              |    21 |       ||    21
       Quarterstaff      |    24 |       ||    24
       Whip              |    13 |    26 ||    39
 Cast: Sting             |    48 |    32 ||    80
       Poisonous Vapours |     1 |       ||     1
 Stab: Sleeping          |     2 |       ||     2
Armor: Robe              |    31 |    14 ||    45
Dodge: Dodged            |    50 |    27 ||    77
Block: Other             |     8 |    19 ||    27
       Reflection        |     2 |     2 ||     4

Table legend: (Time is in decaauts)
 A = Elapsed time spent in this place.
 B = Non-inter-level travel time spent in this place.
 C = Inter-level travel time spent in this place.
 D = Time resting spent in this place.
 E = Time spent auto-exploring this place.
 F = Levels seen in this place.
 G = Mean time per level.
                   A        B        C        D        E       F      G
               +--------+--------+--------+--------+--------+-----+--------+
         Total |   2659 |   2640 |     19 |    286 |   1443 |   4 |  664.8 |
       Dungeon |   2659 |   2640 |     19 |    286 |   1443 |   4 |  664.8 |
               +--------+--------+--------+--------+--------+-----+--------+

Top non-repeatable levels by time:
     D:1: 1177 daAuts
     D:2: 942 daAuts
     D:3: 496 daAuts
     D:4: 42 daAuts
